 Dungeon Crawl Stone Soup version 0.29.1-2-gbd0b4ee654 (webtiles) character file.

Game seed: 461918732275722754

636 tkbsonic5 the Digger (level 7, -2/52 HPs)
             Began as a Formicid Earth Elementalist on Nov 27, 2022.
             Slain by Pikel
             ... wielding a +2 whip of flaming
              (12 damage)
             ... on level 5 of the Dungeon on Nov 28, 2022.
             The game lasted 00:24:45 (4422 turns).

tkbsonic5 the Digger (Formicid Earth Elementalist)  Turns: 4422, Time: 00:24:45

Health: -2/52      AC:  3    Str: 12 (13) XL:     7   Next: 79%
Magic:  1/12       EV: 12    Int: 14 (16) God:
Gold:   258        SH:  0    Dex: 11 (14) Spells: 3/13 levels left

rFire   . . .      SeeInvis +   l - +0 trident
rCold   . . .      Faith    .   (no shield)
rNeg    . . .      Spirit   .   d - +0 leather armour
rPois   .          Reflect  .   (helmet unavailable)
rElec   .          Harm     .   (no cloak)
rCorr   .          Rampage  .   (no gloves)
Will    .....                   (no boots)
Stlth   ++........              (no amulet)
HPRegen 0.17/turn               (no ring)
MPRegen 0.13/turn               (no ring)

@: flying
A: permanent stasis, dig shafts and tunnels, antennae 3, four strong arms,
MP-powered wands
a: Dig, Shaft Self


You were on level 5 of the Dungeon.
You visited 1 branch of the dungeon, and saw 5 of its levels.

You collected 258 gold pieces.

Inventory:

Hand Weapons
 l - a +0 trident (weapon)
Missiles
 c - 58 stones
 g - 3 poisoned darts
 i - 5 boomerangs
Armour
 a - a +0 robe
 d - a +0 leather armour (worn)
 e - a +0 plate armour
 h - a +0 ring mail
Magical Staves
 n - a staff of poison
 o - a staff of air
Wands
 b - a wand of iceblast (12) (quivered)
Scrolls
 m - a scroll of amnesia {unknown}
 q - 2 scrolls of identify
Potions
 r - a potion of ambrosia


   Skills:
 * Level 3.1 Fighting
 + Level 1.4 Polearms
 + Level 1.8 Armour
 + Level 2.6 Dodging
 - Level 3.1 Stealth
 * Level 3.9 Spellcasting
 * Level 2.3 Conjurations
 - Level 1.8 Transmutations
 * Level 5.7 Earth Magic
 - Level 0.6 Poison Magic
 + Level 1.0 Evocations


You had 3 spell levels left.
You knew the following spells:

 Your Spells              Type           Power      Damage    Failure   Level
a - Sandblast             Erth           36%        2d10      2%          1
b - Passwall              Tmut/Erth      10%        N/A       8%          2
c - Stone Arrow           Conj/Erth      26%        3d8       14%         3
d - Petrify               Tmut/Erth      13%        N/A       45%         4

Your spell library contained the following spells:

 Spells                   Type           Power      Damage    Failure   Level


Dungeon Overview and Level Annotations

Branches:
Dungeon (5/15)
 Temple: D:4-7

Altars:
Gozag
Xom

Portals:
Ossuary: D:4

Annotations:
D:5 Pikel


Innate Abilities, Weirdness & Mutations

You cannot be hasted, slowed, berserked, paralysed or teleported.
You can dig through walls and to a lower floor.
You have a pair of large antennae on your head. (SInv)
Your four strong arms can wield two-handed weapons with a shield.
You expend magic power (3 MP) to strengthen your wands.


Message History

Pikel partially resists.
Pikel is heavily wounded.
A lemure comes into view.
Aiming: Iceblast
Press: ? - help, Q - select action, (/) - cycle Shift-Dir - straight line, f/p - Pikel
Aim: Pikel, wielding a +2 whip of flaming and wearing a +1 robe of cold resistance (heavily wounded)
The mass of ice explodes!
The iceblast engulfs Pikel!
Pikel partially resists.
Pikel is severely wounded.
A lemure comes into view.
Casting: Stone Arrow (dangerous; 13% risk of failure)
Confirm with . or Enter, or press ? or * to list all spells.
You don't have enough magic to cast this spell.
You barely miss Pikel.
Pikel is severely wounded.
Pikel hits you with a +2 whip of flaming.
Pikel burns you. Pikel attacks as you move away!
Pikel hits you with a +2 whip of flaming!
Pikel burns you.
It was a potion of degeneration.
There was something very wrong with that liquid.
You feel weakened.
You feel dopey.
You feel clumsy. Pikel barely misses you.
It was a potion of flight.
You feel very buoyant.
You fly up into the air.
Pikel hits you with a +2 whip of flaming.
Pikel burns you.
As you read the scroll labelled FIEZIPH QOGIDD, it crumbles to dust.
Your body is wracked with pain!
Pikel convulses!
It was a scroll of torment.
A lemure comes into view.
Pikel hits you with a +2 whip of flaming.
* * * LOW HITPOINT WARNING * * *
Pikel burns you.
* * * LOW HITPOINT WARNING * * *
The air fills with toxic fumes!
As you read the scroll labelled FAIGOOGAYB, it crumbles to dust.
It was a scroll of poison.
Pikel hits you with a +2 whip of flaming!
You die...

. †# #.. # .###.# #
#.#.##.## ####
######...)....
..##.####...##5####...
..##....#.....§### ..#
#........55# ..#
#.##.#####K#
..#####.##.# #@#
..)..##.##.# #§#
.#......##.# #§#
...#.##.##.# #§#
####.##.##.# #§#
#.##.##.# #§#
#.##.##.# #§# ...#.#
#§# .#....


You could see Pikel and 3 lemures.

Vanquished Creatures
  A water moccasin (D:5)
  Duvessa (D:5)
  A lemure (D:5)
  A scorpion (D:4)
  Dowan (D:5)
  A hound (D:5)
  3 jellies
  An iguana (D:5)
  Jessica (D:2)
  Ijyb (D:3)
  A mummy (D:4)
  2 gnolls
  4 adders
  5 orcs
  5 bats
  4 endoplasms
  A giant cockroach (D:3)
  4 goblins
  5 hobgoblins
  2 quokkas
  7 ball pythons
  3 frilled lizards
  5 kobolds
  6 rats
66 creatures vanquished.

Notes
Turn   | Place    | Note
-------+----------+-------------------------------------------
     0 | D:1      | tkbsonic5 the Formicid Earth Elementalist began the quest
                  | for the Orb.
     0 | D:1      | Reached XP level 1. HP: 13/13 MP: 3/3
    73 | D:1      | Found a faded altar of an unknown god.
   287 | D:1      | Reached skill level 4 in Earth Magic
   287 | D:1      | Reached XP level 2. HP: 19/19 MP: 3/5
   290 | D:1      | Learned a level 2 spell: Passwall
   522 | D:1      | Reached XP level 3. HP: 9/25 MP: 4/6
  1322 | D:2      | Noticed Jessica
  1326 | D:2      | Killed Jessica
  1327 | D:2      | Reached skill level 1 in Fighting
  1327 | D:2      | Reached XP level 4. HP: 24/32 MP: 5/8
  1394 | D:2      | Learned a level 3 spell: Stone Arrow
  2342 | D:3      | Noticed Ijyb
  2659 | D:2      | Gained mutation: You expend magic power (3 MP) to
                  | strengthen your wands. [potion of mutation]
  2659 | D:2      | Gained mutation: You are frail. (-10% HP) [potion of
                  | mutation]
  2659 | D:2      | Lost mutation: You are frail. (-10% HP) [potion of
                  | mutation]
  2750 | D:3      | Killed Ijyb
  2751 | D:3      | Reached XP level 5. HP: 32/37 MP: 1/9
  2887 | D:3      | Found an opulent altar of Gozag.
  3315 | D:3      | Learned a level 4 spell: Petrify
  3457 | D:4      | Reached skill level 1 in Armour
  3457 | D:4      | Reached skill level 1 in Conjurations
  3457 | D:4      | Reached XP level 6. HP: 29/44 MP: 1/10
  3737 | D:4      | Reached skill level 5 in Earth Magic
  3779 | D:4      | Found a shimmering altar of Xom.
  4029 | D:4      | Found a sand-covered staircase.
  4106 | D:5      | Entered Level 5 of the Dungeon
  4247 | D:5      | Noticed Duvessa
  4251 | D:5      | Killed Duvessa
  4252 | D:5      | Reached skill level 1 in Polearms
  4252 | D:5      | Reached XP level 7. HP: 51/51 MP: 0/12
  4286 | D:5      | Noticed Dowan
  4288 | D:5      | Noticed a water moccasin
  4290 | D:5      | Killed Dowan
  4292 | D:5      | Killed a water moccasin
  4293 | D:5      | Reached skill level 1 in Evocations
  4410 | D:5      | Noticed Pikel
  4422 | D:5      | Slain by Pikel

Illustrated notes

Levels and vault maps discovered:
D:1:      erik_arrival_orb_chamber, layout_basic,
          hellmonk_ecumenical_altar_lost_god
D:2:      layout_loops_cross, uniq_jessica
D:3:      layout_basic, grunt_gozag_breadcrumbs, chequers_hall_statues_corner_a,
          reono_crystal_passage, uniq_ijyb
D:4:      layout_cave_pools, old_standard_altar, gup_ossuary_entry_pyramid
D:5:      layout_loops_ring, portal_sewer_entry_b, dreamdust_princess_corridor,
          uniq_pikel, uniq_duvessa

Skill      XL: |  1  2  3  4  5  6  7 |
---------------+----------------------+-----
Earth Magic    | 4 5 |  5.7
Fighting       | 1 2 3 |  3.1
Dodging        | 2 |  2.6
Stealth        | 3 |  3.1
Spellcasting   | 3 |  3.9
Armour         | 1 |  1.8
Conjurations   | 1 2 |  2.3
Polearms       | 1 |  1.4
Evocations     | 1 |  1.0
Transmutations | |  1.8
Poison Magic   | |  0.6

Action                   |  1- 3 |  4- 6 |  7- 9 || total
-------------------------+-------+-------+-------++-------
Melee: Spear             |    14 |       |       ||    14
       Trident           |       |     4 |     1 ||     5
Throw: Dart              |    12 |     6 |       ||    18
 Cast: Sandblast         |    14 |    65 |       ||    79
       Stone Arrow       |       |    11 |       ||    11
Evoke: Wand              |       |     5 |     8 ||    13
  Use: Scroll            |     1 |     3 |     2 ||     6
       Potion            |       |    14 |     2 ||    16
 Stab: Sleeping          |     3 |       |       ||     3
Armor: Robe              |     4 |     6 |       ||    10
       Ring mail         |       |     5 |       ||     5
Dodge: Dodged            |     5 |    53 |     1 ||    59
